Workbook
Name Constr: '25129'!#REF!
Name FOT: '25129'!$D$16
Name Ind: '25129'!$H$7
Name Obj: '25129'!$E$10
Name Obosn: '25129'!$D$14
Name SmPr: '25129'!$D$15
Name аааааппппппрррппппппп: #REF!
Name аааааппппппрррппппппп: #REF!
Name аараооооооооооооо: #REF!
Name аараооооооооооооо: #REF!
Name автом: #REF!
Name автом: #REF!
Name алшрльоплварл: #REF!
Name алшрльоплварл: #REF!
Name аолвлддддддддддддддддввввввввв: #REF!
Name аолвлддддддддддддддддввввввввв: #REF!
Name апарв: #REF!
Name апарв: #REF!
Name апрлдджаоырыфрпопрлпрлпрлп: #REF!
Name апрлдджаоырыфрпопрлпрлпрлп: #REF!
Name арлггаджаш: #REF!
Name арлггаджаш: #REF!
Name ароррбллтблпроорапииас: #REF!
Name ароррбллтблпроорапииас: #REF!
Name арррррблллпдрлдддддддддд: #REF!
Name арррррблллпдрлдддддддддд: #REF!
Name варпаааааааааа: #REF!
Name варпаааааааааа: #REF!
Name ввпьььььлднд: #REF!
Name ввпьььььлднд: #REF!
Name вед: #REF!
Name вед: #REF!
Name вертикальная: #REF!
Name вертикальная: #REF!
Name вертикплан: #REF!
Name вертикплан: #REF!
Name волен: #REF!
Name волен: #REF!
Name вп: #REF!
Name вп: #REF!
Name впырпфдыпл: #REF!
Name впырпфдыпл: #REF!
Name впьглорьтитттттттттт: #REF!
Name впьглорьтитттттттттт: #REF!
Name всввввввввввввввввввввввввв: #REF!
Name всввввввввввввввввввввввввв: #REF!
Name выб: #REF!
Name выб: #REF!
Name выпуск: #REF!
Name выпуск: #REF!
Name выьлепвввввпмп: #REF!
Name выьлепвввввпмп: #REF!
Name еваопродолжэрщэрзшщщх: #REF!
Name еваопродолжэрщэрзшщщх: #REF!
Name измен: #REF!
Name измен: #REF!
Name итого: #REF!
Name итого: #REF!
Name итого: #REF!
Name итого_сантех: #REF!

Sheet 25129
A1: СОГЛАСОВАНО: | E1: ФГУП "Комбинат "Электрохимприбор" | M1: УТВЕРЖДАЮ:
G2: (наименование стройки) | M2: Зам.генерального директора
A3: _________________ | N3: Е.В. Гордеев
A4: " _____ " ________________ 2014 г. | M4: __________________
M5: "______ " __________2014 г.
H7: ЛОКАЛЬНЫЙ СМЕТНЫЙ РАСЧЕТ № 25129
H8: (локальная смета)
C10: на | D10: реконструкцию светоаэрационного фонаря здания 303. Площадка 1.Инв.№5300336
D11: Раздел: архитектурно-строительные решения
H12: (наименование работ и затрат, наименование объекта)
D14: Основание: 24764-13-АС
D15: Сметная стоимость строительных работ _______________________________________________________________________________________________ | J15: ___________________________271,845 | L15: тыс. руб.
D16: Средства на оплату труда _______________________________________________________________________________________________ | J16: ___________________________21,566 | L16: тыс. руб.
D17: Сметная трудоемкость _______________________________________________________________________________________________ | J17: _______________________________________________________________________________________________1567,93 | L17: чел.час
D18: Материалы_______________________________________________ | J18: ___________________________192,732 | L18: тыс. руб.
D19: Составлен(а) в базовых ценах 2001г. в редакции 2009г.
A21: № пп | B21: Обоснование | C21: Наименование | D21: Ед. изм. | E21: Кол. | F21: Стоимость единицы, руб. | J21: Общая стоимость, руб. | N21: Т/з осн. раб.на ед. | O21: Т/з осн. раб. Всего | P21: Т/з мех. на ед. | Q21: Т/з мех. Всего
F22: Всего | G22: В том числе | J22: Всего | K22: В том числе
G23: Осн.З/п | H23: Эк.Маш | I23: З/пМех | K23: Осн.З/п | L23: Эк.Маш | M23: З/пМех
A24: 1 | B24: 2 | C24: 3 | D24: 4 | E24: 5 | F24: 6 | G24: 7 | H24: 8 | I24: 9 | J24: 10 | K24: 11 | L24: 12 | M24: 13 | N24: 14 | O24: 15 | P24: 16 | Q24: 17
A25: Раздел 1. Разборка конструкций
A26: 1 | B26: ТЕР46-04-012-02 | C26: Разборка конструкций оконных проемов | D26: 100 м2 | E26: 2.7 | F26: 2281.38 | G26: 1969.46 | H26: 311.92 | I26: 120.9 | J26: 6160 | K26: 5318 | L26: 842 | M26: 326 | N26: 172.76 | O26: 466.45 | P26: 7.74 | Q26: 20.9
A27: 2 | B27: ТЕР10-01-010-01 | C27: Разборка элементов деревянного каркаса КОЭФ. К ПОЗИЦИИ: Демонтаж (разборка) сборных деревянных конструкций ОЗП=0,8; ЭМ=0,8 к расх.; ЗПМ=0,8; МАТ=0 к расх.; ТЗ=0,8; ТЗМ=0,8 | D27: 1 м3 | E27: 1.47 | F27: 246.25 | G27: 212.59 | H27: 33.66 | J27: 362 | K27: 313 | L27: 49 | N27: 18 | O27: 26.46
A28: 3 | B28: ТЕРр58-3-1 | C28: Разборка мелких покрытий и обделок из листовой стали поясков, сандриков, желобов, отливов, свесов и т.п. | D28: 100 м | E28: 1.44 | F28: 100.24 | G28: 100.01 | H28: 0.23 | J28: 144 | K28: 144 | N28: 9.1 | O28: 13.1
A29: 4 | B29: СЦП1-1-27-А | C29: Погрузочные работы при автомобильных перевозках: мусор строительный КОЭФ. К ПОЗИЦИИ: Коэффициент техн.часть п.3 ПЗ=1,025 (ОЗП=1,025; ЭМ=1,025 к расх.; ЗПМ=1,025; МАТ=1,025 к расх.; ТЗ=1,025; ТЗМ=1,025) | D29: т | E29: 12.4 | F29: 2.77 | G29: 2.77 | J29: 34 | K29: 34
A30: 5 | B30: СЦП3-3-40-1 | C30: Перевозка грузов (мусора) автомобилями-самосвалами (работающими вне карьеров): расстояние 40 км, класс груза I КОЭФ. К ПОЗИЦИИ: 17 При перевозке грузов к провозной плате (тарифам) применять поправочный коэффициент ПЗ=1,37 (ОЗП=1,37; ЭМ=1,37 к расх.; ЗПМ=1,37; МАТ=1,37 к расх.; ТЗ=1,37; ТЗМ=1,37) | D30: т | E30: 12.4 | F30: 52.85 | H30: 52.85 | J30: 655 | L30: 655
A31: Раздел 2. Остекление фонаря
A32: 6 | B32: ТЕРр69-2-1 | C32: Сверление отверстий в кирпичных стенах электроперфоратором диаметром до 20 мм, толщина стен 0,5 кирпича | D32: 100 отверстий | E32: 0.12 | F32: 83.02 | G32: 65.93 | H32: 17.09 | J32: 10 | K32: 8 | L32: 2 | N32: 5.49 | O32: 0.66
A33: 7 | B33: ТЕРр69-2-2 | C33: Сверление отверстий на каждые 0,5 кирпича толщины стен добавлять к расценке 69-2-1 | D33: 100 отверстий | E33: 0.12 | F33: 79.85 | G33: 63.41 | H33: 16.44 | J33: 10 | K33: 8 | L33: 2 | N33: 5.28 | O33: 0.63
A34: 8 | B34: ТСЦ-101-1928 | C34: Болты распорные МР 12х100 | D34: шт. | E34: 12 | F34: 5.47 | J34: 66
A35: 9 | B35: ТЕР09-03-021-01 | C35: Монтаж каркасов фонарей аэрационных и светоаэрационных для зданий высотой до 25 м с шагом ферм до 6 м | D35: 1 т | E35: 2.156 | F35: 1634.41 | G35: 332.11 | H35: 1246.64 | I35: 141.22 | J35: 3524 | K35: 716 | L35: 2688 | M35: 304 | N35: 24.51 | O35: 52.84 | P35: 7.54 | Q35: 16.26
A36: 10 | B36: Цена постав-ка 2012г. | C36: Профиль 50.01.03 | D36: п.м | E36: 174 | F36: 70,08 365,51/4,42/1,18 | J36: 12194
A37: 11 | B37: Цена поставщика 2012г. | C37: Профиль 50.04.01 | D37: п.м | E37: 576 | F37: 10,22 53,28/4,42/1,18 | J37: 5887
A38: 12 | B38: Цена поставщика 2012г. | C38: Профиль 50.03.06 | D38: п.м | E38: 576 | F38: 13,61 70,98/4,42/1,18 | J38: 7839
A39: 13 | B39: Цена поставщика 2012г. | C39: Профиль 50.02.03 | D39: п.м | E39: 408 | F39: 50,12 261,43/4,42/1,18 | J39: 20449
A40: 14 | B40: Цена поставщика 2012г. | C40: Профиль 50.09.02 | D40: п.м | E40: 158 | F40: 62,29 324,87/4,42/1,18 | J40: 9842
A41: 15 | B41: Цена поставщика 2012г. | C41: Профиль 50.09.03 | D41: п.м | E41: 158 | F41: 12,56 65,49/4,42/1,18 | J41: 1984
A42: 16 | B42: Цена поставщика 2012г. | C42: Профиль 50.09.01 | D42: п.м | E42: 158 | F42: 72,12 376,17/4,42/1,18 | J42: 11395
A43: 17 | B43: Цена поставщика 2012г. | C43: Профиль 50.10.16 | D43: п.м | E43: 310 | F43: 3,33 17,35/4,42/1,18 | J43: 1032
A44: 18 | B44: Цена поставщика 2012г. | C44: Профиль 50.10.17 | D44: п.м | E44: 446 | F44: 4,75 24,78/4,42/1,18 | J44: 2119
A45: 19 | B45: Цена поставщика 2012г. | C45: Профиль 50.11.04 | D45: п.м | E45: 4.4 | F45: 226,36 1180,59/4,42/1,18 | J45: 996
A46: 20 | B46: ТСЦ-201-0778 | C46: Прочие индивидуальные сварные конструкции, масса сборочной единицы до 0,1 т (уголки) | D46: т | E46: 0.066 | F46: 13506.5 | J46: 891
A47: 21 | B47: ТСЦ-204-0064 прим. | C47: Детали закладные | D47: т | E47: 0.076 | F47: 7142.38 | J47: 543
A48: 22 | B48: ТСЦ-101-1846 | C48: Винты самонарезающие с уплотнительной прокладкой 4,8х80 мм | D48: шт. | E48: 708 | F48: 0.27 | J48: 191
A49: 23 | B49: ТЕР13-03-002-15 | C49: Огрунтовка металлических поверхностей за один раз лаком БТ-577 (уголки) КОЭФ. К ПОЗИЦИИ: за 2 раза ПЗ=2 (ОЗП=2; ЭМ=2 к расх.; ЗПМ=2; МАТ=2 к расх.; ТЗ=2; ТЗМ=2) | D49: 100 м2 | E49: 0.039 | F49: 354.5 | G49: 120.58 | H49: 24.66 | I49: 0.32 | J49: 14 | K49: 5 | L49: 1 | N49: 7.82 | O49: 0.31 | P49: 0.02
A50: 24 | B50: ТСЦ-101-1977 | C50: Болты с гайками и шайбами строительные | D50: кг | E50: 9.8 | F50: 16.8 | J50: 165
A51: 25 | B51: ТЕРр56-12-10 прим. | C51: Установка оконных приборов петли | D51: 100 шт. приборов | E51: 0.4 | F51: 2035.41 | G51: 1181.78 | J51: 814 | K51: 473 | N51: 98.4 | O51: 39.36
A52: 26 | B52: Цена поставщика 2013г. | C52: Петля СТН-1725 | D52: компл | E52: 40 | F52: 60,97 400/5,56/1,18 | J52: 2439
A53: 27 | B53: ТЕР15-05-022-01 | C53: Обшивка зенитных фонарей поликарбонатом 85,60 = 269,21 - 0,52 x 65,81 - 1,19 x 101,41 - 1,16 x 24,75 | D53: 1 м2 | E53: 266 | F53: 85.6 | G53: 10.34 | H53: 3.68 | I53: 0.16 | J53: 22770 | K53: 2750 | L53: 979 | M53: 43 | N53: 0.79 | O53: 210.14 | P53: 0.01 | Q53: 2.66
A54: 28 | B54: Цена поставщика 2013г. | C54: Поликарбонат - 20мм, (MODULIT 520HC модульно-замковая система) | D54: м2 | E54: 316.5 | F54: 161,63 1060,44/5,56/1,18 | J54: 51156
A55: 29 | B55: ТЕР07-05-039-10 Прим. | C55: Прокладка уплотнителей в профилях | D55: 100 м шва | E55: 17.41 | F55: 417.89 | G55: 132.91 | H55: 274.9 | J55: 7275 | K55: 2314 | L55: 4786 | N55: 10.4 | O55: 181.06
A56: 30 | B56: Цена поставщика 2013г. | C56: Уплотнитель 50.16.01 | D56: п.м. | E56: 576 | F56: 7,32 40,7/5,56 | J56: 4216
A57: 31 | B57: Цена поставщика 2013г. | C57: Уплотнитель 50.16.07 | D57: п.м. | E57: 121 | F57: 4,37 24,3/5,56 | J57: 529
A58: 32 | B58: Цена поставщика 2013г. | C58: Уплотнитель 50.16.06 | D58: п.м. | E58: 69 | F58: 3,88 21,55/5,56 | J58: 268
A59: 33 | B59: Цена поставщика 2013г. | C59: Уплотнитель 770.16.001 | D59: п.м | E59: 105 | F59: 1,27 7,06/5,56 | J59: 133
A60: 34 | B60: Цена поставщика 2013г. | C60: Уплотнитель 50.16.04 | D60: п.м. | E60: 278 | F60: 3,29 18,28/5,56 | J60: 915
A61: 35 | B61: Цена поставщика 2013г. | C61: Уплотнитель 50.16.03 | D61: п.м. | E61: 278 | F61: 2,84 15,8/5,56 | J61: 790
A62: 36 | B62: Цена поставщика 2013г. | C62: Уплотнитель 50.16.18 | D62: п.м. | E62: 314 | F62: 0,8 4,47/5,56 | J62: 251
A63: 37 | B63: ТЕР07-05-039-04 | C63: Устройство герметизации стеновых панелей пенополистиролом, стык горизонтальный 186,31 = 802,12 - 0,54 x 1 140,38 | D63: 100 м | E63: 1.53 | F63: 186.31 | G63: 50.92 | H63: 135.39 | J63: 285 | K63: 78 | L63: 207 | N63: 4.24 | O63: 6.49
A64: 38 | B64: ТСЦ-101-2388 | C64: Герметик пенополиуретановый (пена монтажная) типа Makrofleks, Soudal в баллонах по 750 мл | D64: шт. | E64: 31 | F64: 68 | J64: 2108
A65: 39 | B65: ТЕР26-01-039-01 | C65: Изоляция изделиями из волокнистых и зернистых материалов насухо 209,40 = 1 892,72 - 1,02 x 1 650,31 | D65: 1 м3 изоляции | E65: 2.6 | F65: 209.4 | G65: 138.49 | H65: 70.91 | J65: 544 | K65: 360 | L65: 184 | N65: 10.58 | O65: 27.51
A66: 40 | B66: ТСЦ-104-0007 | C66: Плиты из минеральной ваты повышенной жесткости на синтетическом связующем М-200 | D66: м3 | E66: 2.65 | F66: 1276.44 | J66: 3383
A67: 41 | B67: ТЕР09-04-006-04 | C67: Монтаж ограждающих конструкций стен из многослойных панелей заводской готовности при высоте здания до 50 м | D67: 100 м2 | E67: 0.76 | F67: 9095.31 | G67: 2255.68 | H67: 6203.95 | I67: 586.48 | J67: 6912 | K67: 1714 | L67: 4715 | M67: 446 | N67: 170.24 | O67: 129.38 | P67: 34.58 | Q67: 26.28
A68: 42 | B68: Цена поставщика 2013г. | C68: Сэндвич-панели ПСТМ 120 | D68: м2 | E68: 6 | F68: 169,8 1114/5,56/1,18 | J68: 1019
A69: 43 | B69: Цена поставщика 2013г. | C69: Сэндвич-панели (ПВХ с пенополистиролом) | D69: м2 | E69: 70 | F69: 156,99 1030/5,56/1,18 | J69: 10989
A70: 44 | B70: Цена поставщика 2013г. | C70: Саморез для крепления сэндвич-панелей | D70: 1000шт. | E70: 0.016 | F70: 1111,15 7290/5,56/1,18 | J70: 18
A71: 45 | B71: ТЕР07-05-039-10 прим. | C71: Устройство термомоста 407,81 = 417,89 - 1,5 x 6,72 | D71: 100 м | E71: 5.76 | F71: 407.81 | G71: 132.91 | H71: 274.9 | J71: 2349 | K71: 766 | L71: 1583 | N71: 10.4 | O71: 59.9
A72: 46 | B72: ТСЦ-101-1753 прим. | C72: Термомост 50.15.02 | D72: м | E72: 576 | F72: 4.49 | J72: 2586
A73: 47 | B73: ТЕР12-01-010-01 | C73: Устройство мелких покрытий (брандмауэры, парапеты, свесы и т.п.) из листовой оцинкованной стали | D73: 100 м2 | E73: 0.952 | F73: 15322.3 | G73: 1354.13 | H73: 58.83 | I73: 3.64 | J73: 14587 | K73: 1289 | L73: 56 | M73: 3 | N73: 112.75 | O73: 107.34 | P73: 0.2 | Q73: 0.19
A74: Итого прямые затраты по смете в ценах 2001г. | J74: 222842 | K74: 16290 | L74: 16749 | M74: 1122 | O74: 1321.63 | Q74: 66.29
A75: Итого прямые затраты по смете с учетом коэффициентов к итогам | J75: 233655 | K75: 20103 | L75: 20820 | M75: 1463 | O75: 1567.93 | Q75: 82.88
A76: В том числе, справочно:
A77: Районный к-т 4,3% (Поз. 1-4, 6-7, 9, 41, 25, 27, 29, 37, 45, 39, 47) | J77: 746 | K77: 700 | L77: 48 | M77: 48
A78: Заготовительно-складские расходы на материалы покупные ПЗ=1,02 (ОЗП=1,02; ЭМ=1,02; МАТ=1,02) (Поз. 10-19, 26, 28, 30-36, 42-44) | J78: 2929
A79: При реконструкции зданий и сооружений работы, аналогичные технологическим процессам в новом строительстве ОЗП=1,15; ЭМ=1,25; ЗПМ=1,25; ТЗ=1,15; ТЗМ=1,25 (Поз. 9, 41, 23, 27, 29, 37, 45, 39, 47) | J79: 5371 | K79: 1563 | L79: 3808 | M79: 208 | O79: 116.2455 | Q79: 11.3475
A80: 11.2 Ремонт сложных кровель ОЗП=1,25; ЭМ=1,25; ЗПМ=1,25; ТЗ=1,25; ТЗМ=1,25 (Поз. 1, 3, 6-7, 25) | J80: 1767 | K80: 1552 | L80: 215 | M80: 85 | O80: 130.05 | Q80: 5.225
A81: Накладные расходы | J81: 24384
A82: В том числе, справочно:
A83: 78% ФОТ (от 21) (Поз. 6-7) | J83: 16
A84: 82% ФОТ (от 616) (Поз. 25) | J84: 505
A85: 83% ФОТ (от 188) (Поз. 3) | J85: 156
A86: 90% ФОТ (от 3898) (Поз. 9, 41, 23) | J86: 3508
A87: 100% ФОТ (от 466) (Поз. 4, 39) | J87: 466
A88: 105% ФОТ (от 3354) (Поз. 27) | J88: 3522
A89: 110% ФОТ (от 7359) (Поз. 1) | J89: 8095
A90: 118% ФОТ (от 326) (Поз. 2) | J90: 385
A91: 120% ФОТ (от 1550) (Поз. 47) | J91: 1860
A92: 155% ФОТ (от 3788) (Поз. 29, 37, 45) | J92: 5871
A93: Сметная прибыль | J93: 13806
A94: В том числе, справочно:
A95: 50% ФОТ (от 21) (Поз. 6-7) | J95: 11
A96: 55%*0.85 ФОТ (от 3354) (Поз. 27) | J96: 1568
A97: 60% ФОТ (от 35) (Поз. 4) | J97: 21
A98: 62% ФОТ (от 616) (Поз. 25) | J98: 382
A99: 63%*0.85 ФОТ (от 326) (Поз. 2) | J99: 175
A100: 65% ФОТ (от 188) (Поз. 3) | J100: 122
A101: 65%*0.85 ФОТ (от 1550) (Поз. 47) | J101: 856
A102: 70%*0.85 ФОТ (от 7796) (Поз. 1, 23, 39) | J102: 4639
A103: 85%*0.85 ФОТ (от 3892) (Поз. 9, 41) | J103: 2812
A104: 100%*0.85 ФОТ (от 3788) (Поз. 29, 37, 45) | J104: 3220
...

Sheet НМЦ
A1: г. Лесной ФГУП "Комбинат "Электрохимприбор"
A3: Расчет начальной (максимальной) цены
A5: Реконструкция светоаэрационного фонаря здания 303
A8: Составлен в ценах по состоянию на 01.01.2000 г. с переводом в текущие | D8: руб.
A9: Наименование глав ССР, объектных сметных расчетов, локальных сметных расчетов, видов работ | B9: Сметная стоимость в базисных ценах на 01.01.2000 | C9: Текущая стоимость на момент определения начальной (максимальной) цены | D9: № обосновывающего расчета
A13: 1 | B13: 2 | C13: 3 | D13: 4
A14: реконструкция светоаэрационного фонаря здания 303 | B14: ='Сводка затрат'!H14 -> 271845 | C14: =ROUND('Сводка затрат'!D14*5.98,0)+ROUND('Сводка затрат'!E14*5.98,0)+ROUND('Сводка затрат'!F14*4.21,0)+ROUND('Сводка затрат'!G14*10.48,0) -> 1625633 | D14: 25129
A15: Итого в базисных ценах 2000 г. | B15: ='Сводка затрат'!D15 -> 271845 | C15: ='Сводка затрат'!H16 -> 1625633
A17: НДС 18% | C17: =ROUND(C15*18%,2) -> 292613.94
A19: Всего | C19: =SUM(C15:C18) -> 1918246.9
A21: Начальник отдела
A22: капитального строительства | C22: В.В. Моляков
A24: Инженер по проектно-сметной работе | C24: Т.Ш. Ковязина
A26: Согласовано | C26: отдел 028
C27: отдел 014

Sheet Сводка затрат
A1: Приложение №__ к договору от "__"______201_ №_______
A3: г. Лесной. ФГУП "Комбинат "Электрохимприбор"
A5: Сводка затрат
A7: Реконструкция контрольно-пропускного пункта промплощадки №5
A10: Составлен в ценах по состоянию на 01.01.2000 г.
A11: № п/п | B11: Номера сметных расчетов и смет | C11: Наименование работ и затрат | D11: Сметная стоимость | H11: Общая сметная стоимость, руб.
D12: строительных работ | E12: монтажных работ | F12: оборудования, мебели, инвентаря | G12: прочих затрат
A13: 1 | B13: 2 | C13: 3 | D13: 4 | E13: 5 | F13: 6 | G13: 7 | H13: 8
A14: 1 | B14: 25129 | C14: реконструкция светоаэрационного фонаря здания 303 | D14: ='25129'!J112 -> 271845 | E14: 0 | F14: 0 | G14: 0 | H14: =SUM(D14:G14) -> 271845
C15: Итого в базисных ценах 2000 г. | D15: =SUM(D14:D14) -> 271845 | E15: =SUM(E14:E14) -> 0 | F15: =SUM(F14:F14) -> 0 | G15: =SUM(G14:G14) -> 0 | H15: =SUM(D15:G15) -> 271845
C16: Всего в ценах 2014 (Ксмр=5,98, Коб.=4,21, Кпнр=10,48) | D16: =ROUND(D15*5.98,0) -> 1625633 | E16: =ROUND(E15*5.98,0) -> 0 | F16: =ROUND(F15*4.21,0) -> 0 | G16: =ROUND(G15*10.48,0) -> 0 | H16: =SUM(D16:G16) -> 1625633
C17: НДС 18% | D17: =ROUND(D16*18%,2) -> 292613.94 | E17: =ROUND(E16*18%,2) -> 0 | F17: =ROUND(F16*18%,2) -> 0 | G17: =ROUND(G16*18%,2) -> 0 | H17: =SUM(D17:G17) -> 292613.94
C18: Всего в ценах 2014 с НДС | D18: =SUM(D16:D17) -> 1918246.9 | E18: =SUM(E16:E17) -> 0 | F18: =SUM(F16:F17) -> 0 | G18: =SUM(G16:G17) -> 0 | H18: =SUM(D18:G18) -> 1918246.9
C22: ЗАКАЗЧИК: | H22: ПОДРЯДЧИК:
C23: Генеральный директор
C24: ФГУП "Комбинат "Электрохимприбор"
C26: __________________ А.В. Новиков
